Map: 世宗研究站 - 天梯版

Players

BloodBKD

  • Race: Zerg Zerg
  • League: Platinum

Viggo - Winner!

  • Race: Protoss Protoss
  • League: Gold

VOD

Have the link to the VOD?

Description

Time

  • Played on: Oct. 1, 2016, 3:02 p.m.
  • Length: 6:47
Show
View Real Time Build Order
Export as new Build Order

BloodBKD Zerg 

Build Orders: Hatch First 

Get SALT Encoding   

  12  0:02  Drone  
  13  0:08  Drone  
  14  0:17  Overlord  
  14  0:36  Drone x3  
  17  0:55  Hatchery  
  16  0:58  Drone  
  17  1:12  Spawning Pool  
  17  1:13  Drone  
  17  1:22  Drone  
  17  1:25  Extractor  
  17  1:26  Drone  
  18  1:34  Drone  
  19  1:51  Drone  
  20  2:00  Queen  
  22  2:05  Overlord  
  22  2:13  Drone x2  
  24  2:19  Queen  
  26  2:25  Drone  
  27  2:34  Extractor, Metabolic Boost  
  26  2:38  Zergling x8  
  26  2:43  Spine Crawler  
  29  3:04  Zergling x4  
  29  3:05  Zergling x4  
  33  3:07  Overlord  
  33  3:10  Drone  
  34  3:27  Roach Warren  
  34  3:30  Drone x2  
  35  3:51  Overlord x2  
  35  4:03  Drone  
  35  4:05  Overlord x2  
  36  4:15  Roach x7  
  50  4:25  Drone x3  
  50  4:26  Drone  
  54  4:39  Lair  
  54  4:40  Drone x2  
  55  4:49  Zergling x2  
  55  4:50  Zergling x4  
  58  4:56  Spine Crawler  
  57  5:06  Zergling x2  
  58  5:07  Zergling x4, Baneling Nest  
  58  5:08  Zergling x2  
  58  5:11  Drone  
  61  5:42  Roach  
  61  5:43  Roach x3  
  51  6:04  Zergling x16  
  49  6:16  Zergling x6  
  34  6:27  Zergling x2  
  34  6:28  Zergling x4  
Show
View Real Time Build Order
Export as new Build Order

Viggo Protoss - Winner!

Build Orders:  

Get SALT Encoding   

  12  0:01  Probe (Chrono Boost)  
  13  0:12  Probe (Chrono Boost)  
  14  0:21  Pylon  
  14  0:22  Probe (Chrono Boost)  
  15  0:39  Probe (Chrono Boost)  
  15  0:41  Gateway  
  16  0:49  Probe (Chrono Boost), Assimilator  
  17  1:00  Probe (Chrono Boost)  
  18  1:07  Gateway  
  18  1:10  Probe (Chrono Boost)  
  19  1:16  Assimilator  
  19  1:21  Probe (Chrono Boost)  
  20  1:35  Probe (Chrono Boost)  
  21  1:45  Cybernetics Core  
  21  1:46  Probe (Chrono Boost)  
  22  1:59  Probe (Chrono Boost), Pylon  
  23  2:13  Warp Gate  
  23  2:22  Adept x2  
  27  2:29  Robotics Facility  
  27  2:38  Pylon  
  27  2:49  Adept  
  31  2:53  Adept  
  31  2:58  Gateway  
  31  3:00  Gateway  
  31  3:10  Mothership Core (Chrono Boost)  
  33  3:27  Immortal  
  33  3:30  Pylon  
  37  3:45  Pylon  
  37  4:01  Immortal  
  41  4:19  Adept x2  
  41  4:22  Stalker  
  47  4:24  Stalker  
  49  4:38  Observer  
  50  4:50  Adept x2  
  54  4:56  Pylon  
  54  4:58  Pylon  
  54  5:18  Adept x3  
  54  5:19  Adept  
  56  5:59  Adept x4  
  44  6:27  Adept x2  
  44  6:28  Adept x2  
Tags
 
Add a new tag
Caveats
  • Supply blocks, unpowered buildings, or Contaminate may cause inaccurate times.
  • Supply counts are checked every 10 seconds.